Map: Lerilak Crest

Players

Miltreta

  • Race: Terran Terran
  • League: Bronze

valen - Winner!

  • Race: Zerg Zerg

VOD

Have the link to the VOD?

Description

Time

  • Played on: March 14, 2016, 9:33 p.m.
  • Length: 12:43
Show
View Real Time Build Order
Export as new Build Order

Miltreta Terran 

Build Orders:  

Get SALT Encoding   

  12  0:01  SCV  
  13  0:18  SCV  
  13  0:20  Supply Depot  
  14  0:28  Refinery  
  14  0:30  SCV  
  15  0:43  Barracks  
  15  0:46  SCV  
  16  1:06  SCV  
  17  1:18  Supply Depot  
  17  1:21  SCV  
  18  1:27  Engineering Bay  
  18  1:32  Reaper  
  19  1:37  Orbital Command  
  19  2:04  Reaper  
  20  2:15  Supply Depot  
  20  2:20  SCV  
  20  2:22  Factory  
  21  2:42  Barracks Tech Lab  
  21  2:57  Barracks, Refinery  
  21  2:58  SCV  
  22  3:39  Marauder  
  24  3:43  Stimpack  
  24  3:45  Factory Tech Lab  
  24  3:54  Command Center  
  24  3:57  Factory  
  24  4:10  SCV  
  25  4:24  Barracks Reactor  
  25  4:26  Marauder  
  27  4:33  Siege Tank  
  30  4:46  Engineering Bay  
  30  4:48  Barracks  
  30  5:07  Marine  
  30  5:08  Marine  
  30  5:09  Marauder  
  30  5:13  Hellion  
  36  5:15  Siege Tank  
  39  5:30  SCV  
  40  5:46  Factory Tech Lab  
  41  5:57  SCV  
  52  6:04  Orbital Command  
  41  6:13  Marine x2  
  43  6:42  Marauder, Marine x2  
  46  6:55  Marine  
  46  6:58  Siege Tank x2  
  46  7:00  Marine  
  54  7:04  Starport  
  54  7:12  SCV x2  
  56  7:20  Supply Depot x2  
  56  7:21  Supply Depot  
  56  7:29  Barracks  
  56  7:30  Barracks  
  56  7:36  Refinery  
  56  7:40  Refinery  
  56  7:44  Siege Tank x2  
  62  7:52  Barracks Reactor  
  62  7:57  Starport Reactor  
  62  8:00  Marine x2  
  62  8:01  Marauder  
  66  8:10  SCV x2  
  68  8:34  Medivac  
  68  8:35  Medivac  
  72  9:33  Terran Infantry Weapons Level 1, Terran Infantry Armor Level 1  
  66  10:14  Marine  
  66  10:15  Marine x3  
  69  10:31  Marine x3  
  69  10:34  Viking x2  
  44  10:59  Marine x5  
  41  11:14  Barracks Reactor  
  41  11:18  Cyclone x2  
  29  11:32  Viking  
  29  11:33  Viking  
  24  11:49  Missile Turret  
  14  12:14  Marine x5  
  14  12:15  Marine  
Show
View Real Time Build Order
Export as new Build Order

valen Zerg - Winner!

Build Orders: Pool First 

Get SALT Encoding   

  12  0:02  Drone  
  13  0:08  Drone  
  14  0:18  Overlord  
  14  0:31  Overlord  
  14  0:53  Spawning Pool  
  14  0:56  Drone x3  
  16  1:14  Drone  
  17  1:26  Extractor, Drone  
  17  1:52  Zergling x4  
  17  1:53  Zergling x2  
  20  2:03  Hatchery  
  20  2:07  Hatchery  
  18  2:16  Drone x2  
  18  2:20  Queen  
  22  2:43  Metabolic Boost  
  22  2:50  Extractor  
  22  2:51  Drone x3  
  24  3:12  Spine Crawler  
  23  3:43  Zergling x2  
  23  3:44  Zergling x4  
  26  3:51  Drone x5  
  26  3:52  Drone  
  32  3:59  Spine Crawler  
  32  4:00  Queen  
  32  4:02  Lair  
  33  4:19  Drone x3  
  33  4:21  Spine Crawler  
  33  4:24  Queen  
  37  4:46  Hatchery, Drone x2  
  38  4:56  Drone x3  
  41  5:05  Spore Crawler  
  40  5:12  Spore Crawler  
  39  5:19  Drone  
  39  5:20  Drone x2  
  42  5:29  Spine Crawler  
  41  5:36  Spine Crawler  
  40  5:43  Drone x2  
  40  5:44  Overlord x2  
  40  5:45  Overlord  
  42  5:59  Queen  
  42  6:03  Drone  
  45  6:08  Zergling x4  
  45  6:09  Zergling x10  
  51  6:25  Drone x2  
  51  6:30  Spine Crawler  
  52  6:43  Drone x3  
  52  6:44  Drone x5  
  60  6:50  Spine Crawler  
  59  7:03  Extractor  
  58  7:15  Spore Crawler  
  57  7:28  Spire  
  56  7:31  Hatchery, Drone x2  
  56  7:32  Drone x4  
  61  7:39  Extractor  
  61  7:43  Drone x2  
  61  7:44  Drone  
  63  8:01  Spore Crawler  
  62  8:05  Spore Crawler  
  61  8:14  Drone x5  
  61  8:19  Spine Crawler  
  65  8:23  Spore Crawler  
  64  8:27  Pneumatized Carapace  
  64  8:37  Spore Crawler  
  64  8:40  Spore Crawler  
  62  8:44  Spore Crawler  
  62  8:47  Spine Crawler  
  60  8:49  Drone  
  60  8:50  Drone x2  
  63  8:56  Mutalisk x2  
  63  8:57  Mutalisk x3  
  63  8:59  Mutalisk x2  
  63  9:01  Overlord x5  
  63  9:02  Overlord  
  77  9:12  Extractor  
  76  9:26  Mutalisk x3  
  76  9:29  Mutalisk x3  
  88  9:33  Drone x2  
  88  9:34  Drone  
  91  9:39  Spore Crawler  
  72  10:20  Mutalisk  
  72  10:21  Mutalisk x3  
  74  10:23  Mutalisk x5  
  84  10:57  Mutalisk  
  84  10:58  Mutalisk x2  
  84  11:00  Mutalisk x2  
  94  11:07  Hatchery  
  89  11:49  Mutalisk x3  
  95  12:01  Extractor  
Tags
 
Add a new tag
Caveats
  • Supply blocks, unpowered buildings, or Contaminate may cause inaccurate times.
  • Supply counts are checked every 10 seconds.